 Dungeon Crawl Stone Soup version 0.21-a0-442-g848f44b (webtiles) character file.

93 4thArraOfDagon the Skirmisher (level 4, -2/30 HPs)
             Began as a Deep Elf Abyssal Knight on Nov 13, 2017.
             Was a Follower of Lugonu.
             Slain by an adder (3 damage)
             ... on level 3 of the Dungeon.
             The game lasted 00:08:59 (2529 turns).

4thArraOfDagon the Skirmisher (DEAK)                Turns: 2529, Time: 00:08:59

Health: -2/30      AC:  3    Str:  9    XL:     4   Next: 37%
Magic:  16/16      EV: 12    Int: 18    God:    Lugonu [*.....]
Gold:   96         SH:  0    Dex: 14    Spells: 3/3 levels left

rFire    + . .     SeeInvis .   a - +1 short sword
rCold    + . .     Gourm    .   (no shield)
rNeg     . . .     Faith    .   b - +0 leather armour
rPois    +         Spirit   .   (no helmet)
rElec    +         Reflect  .   (no cloak)
rCorr    +         Harm     .   (no gloves)
MR       .....                  (no boots)
Stlth    +.........             (no amulet)
HPRegen  0.10/turn              l - ring of magical power
MPRegen  0.15/turn              (no ring)

@: lethally poisoned (-2 -> -8), resistant, flying
A: no striking features
a: Depart the Abyss, Renounce Religion


You were on level 3 of the Dungeon.
You worshipped Lugonu.
Lugonu was aware of your devotion.
You were not hungry.

You visited 1 branch of the dungeon, and saw 4 of its levels.
You visited the Abyss 1 time.

You collected 96 gold pieces.

Inventory:

Hand Weapons
 a - a +1 short sword (weapon)
Armour
 b - a +0 leather armour (worn)
Magical Staves
 d - an uncursed staff of wizardry {!a}
Jewellery
 l - a ring of magical power (left hand)
Wands
 n - a wand of digging (13/24)
Scrolls
 g - 2 scrolls of magic mapping {unknown}
 h - a scroll of teleportation
 i - 2 scrolls of remove curse
Comestibles
 c - 2 bread rations
 f - a royal jelly
 k - a meat ration
 o - a chunk of flesh


   Skills:
 + Level 4.3 Fighting
 - Level 2.0 Short Blades
 - Level 0.7 Armour
 - Level 2.4 Dodging
 - Level 2.0 Invocations


You had 3 spell levels left.
You didn't know any spells.

Dungeon Overview and Level Annotations

Branches:
Dungeon (4/15)
 Temple: D:4-7

Altars:
Sif Muna

Annotations:
D:2 Natasha
D:3 Jessica
D:4 tof's ghost, novice DsGl


Message History

You feel sick. The adder bites you but does no damage.
Unknown command.
It was a potion of resistance.
You feel protected. The adder closely misses you. The adder barely misses you.
Unknown command.
You barely miss the adder.
The adder is severely wounded.
* * * LOW HITPOINT WARNING * * *
You feel sick. The adder barely misses you.
You closely miss the adder.
The adder is severely wounded.
* * * LOW HITPOINT WARNING * * *
You feel sick. The adder bites you.
* * * LOW HITPOINT WARNING * * *
Unknown command.
You barely miss the adder.
The adder is severely wounded.
The adder bites you.
You die...

....[.#.. .#.#......# #.#
.....##.#...#.####.# ###.# #...#
..#(.#.# #.# #...#
####'######.#..#.# #.# #.###
.....†...# ...(#.####.# #.#
......##.###...#......# #.#####
......##.......#.########.....###
......#######..#.# #.........#
......# #..#@# #.###.#.#.#
......# ### #..#S######....O..#
......# #.###..#'##....... ...#
#########...........####.. ...#
#...##.#.........# #.# #..#
#.#.##O#.........# #.###..#
#.#.#..<.....>...####......#
#.#....#................#....
#.###..+........#######.######


You could see an adder.

Vanquished Creatures
  4 adders
  An ooze (D:1)
  3 dart slugs
  5 giant cockroaches
  2 goblins (D:1)
  7 hobgoblins
  3 jackals (D:1)
  2 kobolds (D:1)
  A quokka (D:2)
  A ball python (D:2)
  8 bats
  3 frilled lizards (D:1)
  7 rats
47 creatures vanquished.

Notes
Turn   | Place    | Note
-------+----------+-------------------------------------------
     0 | Abyss:1  | 4thArraOfDagon the Deep Elf Abyssal Knight began the quest for the Orb.
     0 | Abyss:1  | Reached XP level 1. HP: 13/13 MP: 4/4
    36 | Abyss:2  | Noticed a large abomination
    52 | D:1      | Escaped the Abyss
   511 | D:1      | Reached XP level 2. HP: 15/18 MP: 5/5
   524 | D:1      | Reached skill level 3 in Fighting
   779 | D:1      | Reached * piety under Lugonu
   937 | D:1      | Reached XP level 3. HP: 17/23 MP: 6/6
  1473 | D:2      | Noticed Natasha
  1578 | D:2      | Found a deep blue altar of Sif Muna.
  1702 | D:3      | Noticed an ogre
  1720 | D:3      | Noticed Jessica
  1804 | D:2      | Reached skill level 4 in Fighting
  1804 | D:2      | Reached XP level 4. HP: 25/29 MP: 7/7
  2504 | D:4      | Noticed tof's ghost (novice DsGl)
  2528 | D:3      | HP: 1/30 [adder (5)]
  2529 | D:3      | Slain by an adder

Vault maps used:
D:1:      lightli_arrival_noodles
D:2:      lemuel_blue_sif_altar, uniq_natasha
D:3:      uniq_jessica, uniq_grinder
D:4:      lemuel_doored_altar
Abyss:2:  minivault_19

Skill      XL: |  1  2  3 |
---------------+----------+-----
Fighting       | 3 4 |  4.3
Short Blades   | |  2.0
Armour         | |  0.7
Dodging        | |  2.4
Invocations    | |  2.0

Action                   |  1- 3 |  4- 6 || total
-------------------------+-------+-------++-------
Melee: Short sword       |   132 |    61 ||   193
Invok: Depart the Abyss  |     1 |       ||     1
  Use: Scroll            |     3 |       ||     3
       Potion            |     2 |     2 ||     4
 Stab: Sleeping          |     3 |       ||     3
  Eat: Chunk             |     2 |     2 ||     4
       Fruit             |     5 |       ||     5
Armor: Leather armour    |    25 |    14 ||    39
       Skin              |     9 |       ||     9
Dodge: Dodged            |    71 |    42 ||   113

Table legend:
 A = Spawn XP
 B = Non-spawn XP
 C = Spawn XP percentage of total XP
 D = Spawn monster count
 E = Non-spawn monster count
 F = Spawn count percentage of total count
 G = Total turns spent on level
                    A         B        C        D         E        F      G
               +---------+---------+-------+---------+---------+-------+---------
         Total |       0 |     134 |   0.0 |       0 |      47 |   0.0 |  2529
               +---------+---------+-------+---------+---------+-------+---------
           D:1 |       0 |      50 |   0.0 |       0 |      25 |   0.0 |  1114
           D:2 |       0 |      60 |   0.0 |       0 |      13 |   0.0 |   930
           D:3 |       0 |      24 |   0.0 |       0 |       9 |   0.0 |   419
               +---------+---------+-------+---------+---------+-------+---------
